Workbook

Sheet ROI
C2: Customer Assumptions | E2: Current Monthly Cost Per Site | F2: =C3*C4 -> 588
B3: Current Cost Per POTS line | C3: 98 | E3: Proposed Monthly PIAB Cost Per Site | F3: =(C9*C4)+C10 -> 265
B4: POTS Lines Per Location | C4: 6 | E4: Savings Per Site Per month | F4: =F2-F3 -> 323
B5: Number of Locations | C5: 450
C8: PIAB Pricing | E8: Total Savings Per Month | F8: =C5*F4 -> 145350
B9: Price per line | C9: 40 | E9: Total Savings Per Year | F9: =F8*12 -> 1744200
B10: Maintenance and Data Plan | C10: 25 | E10: Total Savings over Contract Term | F10: =F9*C14 -> 8721000
B11: 90X2 | C11: 420 | E11: Total Hardware and Installation Cost | F11: =(C11*C5)+(C13*C5) -> 481500
E12: Total Savings | F12: =F10-F11 -> 8239500
B13: Installation per site | C13: 650
B14: Contract Term (Years) | C14: 5
C17: =Green = Change as needed
C18: =Blue = auto calculates

Sheet Cash flows
M3: Cumulative
A4: Month | C4: Investment | E4: New MRC | G4: OLD MRC | I4: Net Savings | K4: Cash Flows | M4: Cash Flows
A5: 0 | C5: =-((ROI!#REF!*ROI!C11*ROI!C5)+(ROI!#REF!*ROI!C12*ROI!C5)+(ROI!C5*ROI!C13)) -> #REF! | K5: =+C5+I5 -> #REF! | M5: =+K5 -> #REF!
A6: 1 | E6: =IF(A6>0,-(ROI!$F$3*ROI!$C$5),0) -> -119250 | G6: =IF(A6>0,(ROI!$F$2*ROI!$C$5),0) -> 264600 | I6: =+E6+G6 -> 145350 | K6: =+C6+I6 -> 145350 | M6: =+M5+K6 -> #REF!
A7: =IF(A6=0,0,IF(A6<(ROI!$C$14)*12,+A6+1,0)) -> 2 | E7: =IF(A7>0,-(ROI!$F$3*ROI!$C$5),0) -> -119250 | G7: =IF(A7>0,(ROI!$F$2*ROI!$C$5),0) -> 264600 | I7: =+E7+G7 -> 145350 | K7: =+C7+I7 -> 145350 | M7: =+M6+K7 -> #REF!
A8: =IF(A7=0,0,IF(A7<(ROI!$C$14)*12,+A7+1,0)) -> 3 | E8: =IF(A8>0,-(ROI!$F$3*ROI!$C$5),0) -> -119250 | G8: =IF(A8>0,(ROI!$F$2*ROI!$C$5),0) -> 264600 | I8: =+E8+G8 -> 145350 | K8: =+C8+I8 -> 145350 | M8: =+M7+K8 -> #REF!
A9: =IF(A8=0,0,IF(A8<(ROI!$C$14)*12,+A8+1,0)) -> 4 | E9: =IF(A9>0,-(ROI!$F$3*ROI!$C$5),0) -> -119250 | G9: =IF(A9>0,(ROI!$F$2*ROI!$C$5),0) -> 264600 | I9: =+E9+G9 -> 145350 | K9: =+C9+I9 -> 145350 | M9: =+M8+K9 -> #REF!
A10: =IF(A9=0,0,IF(A9<(ROI!$C$14)*12,+A9+1,0)) -> 5 | E10: =IF(A10>0,-(ROI!$F$3*ROI!$C$5),0) -> -119250 | G10: =IF(A10>0,(ROI!$F$2*ROI!$C$5),0) -> 264600 | I10: =+E10+G10 -> 145350 | K10: =+C10+I10 -> 145350 | M10: =+M9+K10 -> #REF!
A11: =IF(A10=0,0,IF(A10<(ROI!$C$14)*12,+A10+1,0)) -> 6 | E11: =IF(A11>0,-(ROI!$F$3*ROI!$C$5),0) -> -119250 | G11: =IF(A11>0,(ROI!$F$2*ROI!$C$5),0) -> 264600 | I11: =+E11+G11 -> 145350 | K11: =+C11+I11 -> 145350 | M11: =+M10+K11 -> #REF!
A12: =IF(A11=0,0,IF(A11<(ROI!$C$14)*12,+A11+1,0)) -> 7 | E12: =IF(A12>0,-(ROI!$F$3*ROI!$C$5),0) -> -119250 | G12: =IF(A12>0,(ROI!$F$2*ROI!$C$5),0) -> 264600 | I12: =+E12+G12 -> 145350 | K12: =+C12+I12 -> 145350 | M12: =+M11+K12 -> #REF!
A13: =IF(A12=0,0,IF(A12<(ROI!$C$14)*12,+A12+1,0)) -> 8 | E13: =IF(A13>0,-(ROI!$F$3*ROI!$C$5),0) -> -119250 | G13: =IF(A13>0,(ROI!$F$2*ROI!$C$5),0) -> 264600 | I13: =+E13+G13 -> 145350 | K13: =+C13+I13 -> 145350 | M13: =+M12+K13 -> #REF!
A14: =IF(A13=0,0,IF(A13<(ROI!$C$14)*12,+A13+1,0)) -> 9 | E14: =IF(A14>0,-(ROI!$F$3*ROI!$C$5),0) -> -119250 | G14: =IF(A14>0,(ROI!$F$2*ROI!$C$5),0) -> 264600 | I14: =+E14+G14 -> 145350 | K14: =+C14+I14 -> 145350 | M14: =+M13+K14 -> #REF!
A15: =IF(A14=0,0,IF(A14<(ROI!$C$14)*12,+A14+1,0)) -> 10 | E15: =IF(A15>0,-(ROI!$F$3*ROI!$C$5),0) -> -119250 | G15: =IF(A15>0,(ROI!$F$2*ROI!$C$5),0) -> 264600 | I15: =+E15+G15 -> 145350 | K15: =+C15+I15 -> 145350 | M15: =+M14+K15 -> #REF!
A16: =IF(A15=0,0,IF(A15<(ROI!$C$14)*12,+A15+1,0)) -> 11 | E16: =IF(A16>0,-(ROI!$F$3*ROI!$C$5),0) -> -119250 | G16: =IF(A16>0,(ROI!$F$2*ROI!$C$5),0) -> 264600 | I16: =+E16+G16 -> 145350 | K16: =+C16+I16 -> 145350 | M16: =+M15+K16 -> #REF!
A17: =IF(A16=0,0,IF(A16<(ROI!$C$14)*12,+A16+1,0)) -> 12 | E17: =IF(A17>0,-(ROI!$F$3*ROI!$C$5),0) -> -119250 | G17: =IF(A17>0,(ROI!$F$2*ROI!$C$5),0) -> 264600 | I17: =+E17+G17 -> 145350 | K17: =+C17+I17 -> 145350 | M17: =+M16+K17 -> #REF!
A18: =IF(A17=0,0,IF(A17<(ROI!$C$14)*12,+A17+1,0)) -> 13 | E18: =IF(A18>0,-(ROI!$F$3*ROI!$C$5),0) -> -119250 | G18: =IF(A18>0,(ROI!$F$2*ROI!$C$5),0) -> 264600 | I18: =+E18+G18 -> 145350 | K18: =+C18+I18 -> 145350 | M18: =+M17+K18 -> #REF!
... A65: =IF(A64=0,0,IF(A64<(ROI!$C$14)*12,+A64+1,0)) -> 60 | E65: =IF(A65>0,-(ROI!$F$3*ROI!$C$5),0) -> -119250 | G65: =IF(A65>0,(ROI!$F$2*ROI!$C$5),0) -> 264600 | I65: =+E65+G65 -> 145350 | K65: =+C65+I65 -> 145350 | M65: =+M64+K65 -> #REF!
K66: =IRR(K5:K65,0.1/12)*12 -> #VALUE!
